 Dungeon Crawl Stone Soup version 0.24-a0-789-g35933f4585 (webtiles) character file.

Game seed: 15621352020484441426, levelgen mode: deterministic

598 Kohma the Cudgeler (level 7, -9/44 HPs)
             Began as a Gargoyle Fighter on Oct 10, 2019.
             Mangled by an ogre
             ... wielding a cursed -2 giant club
              (20 damage)
             ... on level 5 of the Dungeon.
             The game lasted 00:09:50 (4381 turns).

Kohma the Cudgeler (Gargoyle Fighter)               Turns: 4381, Time: 00:09:51

Health: -9/44      AC: 14    Str: 21    XL:     7   Next: 40%
Magic:  7/7        EV:  5    Int:  9    God:
Gold:   239        SH: 10    Dex:  9    Spells: 6/6 levels left

rFire    . . .     SeeInvis .   a - +0 flail
rCold    . . .     Gourm    .   c - +0 shield
rNeg     + . .     Faith    .   d - +0 chain mail
rPois    ∞         Spirit   .   (no helmet)
rElec    +         Reflect  .   (no cloak)
rCorr    .         Harm     .   (no gloves)
MR       .....                  (no boots)
Stlth    ..........             (no amulet)
HPRegen  0.14/turn              (no ring)
MPRegen  0.10/turn              (no ring)

@: no status effects
A: negative energy resistance 1, electricity resistance, unbreathing,
petrification resistance, rot immunity, AC +4
a: no special abilities


You were on level 5 of the Dungeon.
You were hungry.

You visited 1 branch of the dungeon, and saw 5 of its levels.

You collected 239 gold pieces.

Inventory:

Hand Weapons
 a - a +0 flail (weapon)
 b - a +0 hunting sling
Missiles
 h - 114 stones (quivered)
 n - 67 sling bullets
Armour
 c - a +0 shield (worn)
 d - a +0 chain mail (worn)
Jewellery
 p - a cursed ring of attention {unknown}
Scrolls
 e - 2 scrolls of remove curse {unknown}
 i - a scroll of identify {unknown}
 k - a scroll of magic mapping
 m - a scroll of amnesia {unknown}
 r - a scroll of enchant weapon {unknown}
Potions
 g - 3 potions of heal wounds {unknown}
 j - 2 potions of mutation {unknown}
 l - a potion of curing {unknown}
 o - 2 potions of lignification {unknown}
Comestibles
 f - 9 rations
 q - a chunk of flesh


   Skills:
 + Level 5.3 Fighting
 * Level 5.8 Maces & Flails
 - Level 3.3 Armour
 + Level 5.3 Shields


You had 6 spell levels left.
You didn't know any spells.
Your spell library was empty.

Dungeon Overview and Level Annotations

Branches:
Dungeon (5/15)
 Temple: D:4-7

Altars:
Cheibriados
Yredelemnul

Annotations:
D:4 1 runed translucent door, lolicon's ghost, amateur OpAs


Innate Abilities, Weirdness & Mutations

You are resistant to torment.
Your stone body is resilient. (AC +4)
You are immune to poison.
You resist negative energy. (rN+)
You are resistant to electric shocks. (rElec)
You can survive without breathing.
You are immune to petrification.
You are immune to rotting.


Message History

You block the ogre's attack.
Things that are here:
a +0 club; a +0 leather armour; an orc corpse The ogre completely misses you.
Your shield and chain mail prevent you from hitting the ogre.
You block the ogre's attack.
You hit the ogre.
The ogre is lightly wounded.
The ogre hits you with a cursed -2 giant club!
You sock the ogre!
The ogre is heavily wounded.
The ogre hits you with a cursed -2 giant club!
You hit the ogre.
The ogre is severely wounded.
The ogre hits you with a cursed -2 giant club!
* * * LOW HITPOINT WARNING * * *
Your chain mail prevents you from hitting the ogre.
The ogre is severely wounded.
The ogre hits you with a cursed -2 giant club!!
You die...

#### .# #.[
... #.### ....
#.#.#+#....
#@#........
#O#........
####)#........
#...).<....#
#.......####
#..........#
#.......##.#
#######.# #
...


You could see an ogre.

Vanquished Creatures
  An ogre (D:4)
  A centaur (D:2)
  A scorpion (D:4)
  An orc priest (D:5)
  Crazy Yiuf (D:2)
  An orc wizard (D:4)
  Jessica (D:2)
  A centaur skeleton (D:4)
  2 worker ants (D:4)
  3 gnolls (D:2)
  6 adders
  A worm (D:2)
  3 dart slugs
  4 leopard geckos
  14 orcs
  3 giant cockroaches
  6 goblins
  9 hobgoblins
  3 jackals (D:1)
  2 quokkas (D:4)
  11 bats
  2 frilled lizards
  11 kobolds
  10 rats
  A fungus (D:2)
99 creatures vanquished.

Notes
Turn   | Place    | Note
-------+----------+-------------------------------------------
     0 | D:1      | Kohma the Gargoyle Fighter began the quest for the Orb.
     0 | D:1      | Reached XP level 1. HP: 14/14 MP: 1/1
   194 | D:1      | Reached XP level 2. HP: 19/19 MP: 2/2
   897 | D:2      | Reached XP level 3. HP: 20/24 MP: 3/3
   912 | D:2      | Reached XP level 4. HP: 15/29 MP: 4/4
  1735 | D:2      | Noticed Jessica
  1736 | D:2      | Killed Jessica
  1736 | D:2      | Reached XP level 5. HP: 33/33 MP: 5/5
  1924 | D:2      | Found a runed translucent door.
  1925 | D:2      | Noticed Crazy Yiuf
  1935 | D:2      | Killed Crazy Yiuf
  2060 | D:3      | Noticed a centaur
  2083 | D:2      | Killed a centaur
  2083 | D:2      | Reached XP level 6. HP: 9/39 MP: 6/6
  3227 | D:4      | Reached skill level 5 in Maces & Flails
  3258 | D:4      | Found a basalt altar of Yredelemnul.
  3258 | D:4      | Found a snail-covered altar of Cheibriados.
  3399 | D:4      | Reached skill level 5 in Fighting
  3399 | D:4      | Reached skill level 5 in Shields
  3399 | D:4      | Reached XP level 7. HP: 10/44 MP: 7/7
  3893 | D:4      | Found a runed translucent door.
  3899 | D:4      | Noticed lolicon's ghost (amateur OpAs)
  4347 | D:5      | Entered Level 5 of the Dungeon
  4381 | D:5      | Mangled by an ogre

Levels and vault maps discovered:
D:1:      sevenhm_arrival_forest_fort_large_4, layout_loops_ring
D:2:      layout_loops_ring, uniq_crazy_yiuf_cottage, uniq_jessica
D:3:      layout_basic
D:4:      layout_loops_corners, gammafunk_temple_overflow_wave, first_ration,
          ebering_ghost_reflecting_pool, minmay_misc_feat_tower
D:5:      layout_basic, minitemple

Skill      XL: |  1  2  3  4  5  6 |
---------------+-------------------+-----
Maces & Flails | 3 4 5 |  5.8
Fighting       | 4 5 |  5.3
Shields        | 4 5 |  5.3
Armour         | |  3.3

Action                   |  1- 3 |  4- 6 |  7- 9 || total
-------------------------+-------+-------+-------++-------
Melee: Flail             |    93 |   205 |    39 ||   337
 Fire: Hunting sling     |       |    92 |       ||    92
  Use: Potion            |       |     1 |       ||     1
       Scroll            |       |     1 |       ||     1
  Eat: Chunk             |       |     8 |     3 ||    11
Armor: Scale mail        |    41 |   160 |     2 ||   203
       Chain mail        |       |       |    16 ||    16
Dodge: Dodged            |    21 |    81 |     4 ||   106
Block: Shield            |    50 |   163 |    23 ||   236

Table legend:
 A = Non-vault XP
 B = Vault XP
 C = Vault XP percentage of total XP
 D = Non-vault monster count
 E = Vault monster count
 F = Vault count percentage of total count
                 A         B        C        D         E       F
            +---------+---------+-------+---------+---------+-------
      Total |     776 |      79 |   9.2 |      96 |       2 |   2.0
            +---------+---------+-------+---------+---------+-------
        D:1 |      29 |       0 |   0.0 |      18 |       0 |   0.0
        D:2 |     229 |      79 |  25.6 |      32 |       2 |   5.9
        D:3 |      91 |       0 |   0.0 |      28 |       0 |   0.0
        D:4 |     378 |       0 |   0.0 |      15 |       0 |   0.0
        D:5 |      49 |       0 |   0.0 |       3 |       0 |   0.0
            +---------+---------+-------+---------+---------+-------
